 Dungeon Crawl Stone Soup version 0.22.1-1-ga44c0e56f4 (webtiles) character file.

259 Jynx the Changer (level 6, -4/38 HPs)
             Began as an Octopode Transmuter on Nov 6, 2018.
             Slain by an orc
             ... wielding a +0 trident
              (10 damage)
             ... on level 3 of the Dungeon.
             The game lasted 00:04:46 (2897 turns).

Jynx the Changer (Octopode Transmuter)              Turns: 2897, Time: 00:04:47

Health: -4/38      AC:  2    Str:  9    XL:     6   Next: 17%
Magic:  2/10       EV: 20    Int: 15    God:
Gold:   152        SH:  0    Dex: 20    Spells: 1/11 levels left

rFire    . . .     SeeInvis .     - Unarmed
rCold    . . .     Gourm    .   (shield currently unavailable)
rNeg     . . .     Faith    .   (helmet currently unavailable)
rPois    x         Spirit   .   (no amulet)
rElec    .         Reflect  .   (no ring)
rCorr    .         Harm     .   (no ring)
MR       .....                  (no ring)
Stlth    ++........             (no ring)
HPRegen  0.12/turn              (no ring)
MPRegen  0.12/turn              (no ring)
                                (no ring)
                                (no ring)

@: spider-form, very slightly contaminated
A: tiny, almost no armour, stealthy swim, (amphibious), 8 rings, (constrict 8)
a: End Transformation


You were on level 3 of the Dungeon.
You were not hungry.
You were a venomous arachnid creature.
You visited 1 branch of the dungeon, and saw 3 of its levels.

You collected 152 gold pieces.

Inventory:

Missiles
 a - 39 arrows
Jewellery
 e - an uncursed amulet of the acrobat {unknown}
 i - an uncursed amulet of guardian spirit
 n - a cursed ring of attention {unknown}
Scrolls
 d - 2 scrolls of remove curse
 g - a scroll of enchant weapon
 j - a scroll of fog
 k - 2 scrolls of identify
Potions
 b - 3 potions of might {unknown}
 h - a potion of lignification {unknown}
 l - a potion of heal wounds {unknown}
 m - a potion of ambrosia {unknown}
Comestibles
 c - 4 rations
 f - a chunk of flesh


   Skills:
 - Level 1.0 Fighting
 - Level 2.0 Dodging
 + Level 4.1 Unarmed Combat
 + Level 3.3 Spellcasting
 * Level 4.6 Transmutations
 + Level 0.6 Ice Magic


You had one spell level left.
You knew the following spells:

 Your Spells              Type           Power        Failure   Level  Hunger
a - Beastly Appendage     Tmut           ###...       11%         1    #......
b - Sticks to Snakes      Tmut           ###.....     13%         2    ##.....
c - Spider Form           Tmut/Pois      #.........   43%         3    ###....
d - Ice Form              Ice/Tmut       ##......     75%         4    #####..

Your spell library contained the following spells:

 Spells                   Type           Power        Failure   Level  Hunger
 Blade Hands              Tmut           ###.......   82%         5    ######.


Dungeon Overview and Level Annotations

Branches:
Dungeon (3/15)

Altars:
Kikubaaqudgha


Innate Abilities, Weirdness & Mutations

You cannot wear most types of armour.
You are very stealthy in the water. (Stealth+)
((You are amphibious.))
You can wear up to eight rings at the same time.
((You can use your tentacles to constrict eight enemies at once.))
((Your skin changes colour to match your surroundings (Stealth+).))
((Your rubbery body absorbs attacks. (AC +1, EV +1)))


Message History

The orc wizard hits you but does no damage.
The orc closely misses you.
You tentacle-slap the orc wizard. Your grab misses the orc wizard.
The orc wizard is almost dead.
The orc wizard gestures at you while chanting.
The puff of frost hits you!
* * * LOW HITPOINT WARNING * * *
The orc misses you.
You tentacle-slap the orc wizard but do no damage.
You grab the orc wizard.
You squeeze the orc wizard, but do no damage.
The orc wizard is almost dead.
You constrict the orc wizard, but do no damage.
You kill the orc wizard!
The orc misses you.
Casting: Spider Form (safe; 22% risk of failure)
Confirm with . or Enter, or press ? or * to list all spells.
You turn into a venomous arachnid creature.
The orc hits you from afar with a trident!
You die...

#.# #o#
#.# #.#
#.# #.#
#.# #.#
#.# #.#
#.# #.#
#.# #o#
###.####)#
#......s)#
##########


You could see an orc.

Vanquished Creatures
  A gnoll sergeant (D:3)
  A crimson imp (D:3)
  An orc priest (D:3)
  An orc wizard (D:3)
  3 gnolls (D:3)
  An adder (D:3)
  3 dart slugs (D:1)
  2 leopard geckos
  A ball python (D:1)
  6 giant cockroaches
  11 goblins
  7 hobgoblins
  3 jackals (D:1)
  6 kobolds
  A quokka (D:2)
  5 bats
  3 frilled lizards
  6 rats
62 creatures vanquished.

Notes
Turn   | Place    | Note
-------+----------+-------------------------------------------
     0 | D:1      | Jynx the Octopode Transmuter began the quest for the Orb.
     0 | D:1      | Reached XP level 1. HP: 13/13 MP: 3/3
   306 | D:1      | Reached XP level 2. HP: 18/18 MP: 3/5
   611 | D:1      | Reached XP level 3. HP: 23/23 MP: 4/6
   615 | D:1      | Learned a level 2 spell: Sticks to Snakes
   619 | D:1      | Learned a level 3 spell: Spider Form
  1501 | D:2      | Found an ancient bone altar of Kikubaaqudgha.
  1989 | D:3      | Reached XP level 4. HP: 27/28 MP: 5/7
  2194 | D:3      | Noticed a gnoll sergeant
  2230 | D:3      | Reached XP level 5. HP: 18/33 MP: 9/9
  2822 | D:3      | Learned a level 4 spell: Ice Form
  2889 | D:3      | Reached XP level 6. HP: 24/38 MP: 4/10
  2897 | D:3      | Slain by an orc

Skill      XL: |  1  2  3  4  5 |
---------------+----------------+-----
Transmutations | 3 4 |  4.6
Spellcasting   | 3 |  3.3
Unarmed Combat | 4 |  4.1
Fighting       | |  1.0
Dodging        | |  2.0
Ice Magic      | |  0.6

Action                   |  1- 3 |  4- 6 || total
-------------------------+-------+-------++-------
Melee: Unarmed           |    85 |    58 ||   143
       Constrict         |    27 |    10 ||    37
       Kick              |    19 |     7 ||    26
       Tentacles         |    12 |     7 ||    19
       Punch             |     3 |     1 ||     4
 Cast: Beastly Appendage |    27 |     7 ||    34
       Spider Form       |       |     5 ||     5
  Use: Scroll            |     5 |       ||     5
 Stab: Sleeping          |     4 |     1 ||     5
  Eat: Chunk             |     4 |     3 ||     7
Armor: Skin              |     7 |       ||     7
Dodge: Dodged            |    47 |    48 ||    95
